 Dungeon Crawl Stone Soup version 0.27-a0-1324-ge0d8e047f6 (webtiles) character file.

Game seed: 11745303531008411399

105 Sweetruy1997 the Skirmisher (level 4, -3/37 HPs)
             Began as a Palentonga Fighter on June 23, 2021.
             Killed by nerve-wracking pain
             ... invoked by Grinder
              (12 damage)
             ... on level 3 of the Dungeon.
             The game lasted 00:06:33 (2278 turns).

Sweetruy1997 the Skirmisher (Palentonga Fighter)    Turns: 2278, Time: 00:06:34

Health: -3/37      AC: 10    Str: 19    XL:     4   Next: 53%
Magic:  13/13      EV:  5    Int:  9    God:
Gold:   135        SH:  9    Dex: 13    Spells: 3/3 levels left

rFire    x . .     SeeInvis +   a - +0 war axe
rCold    + . .     Faith    .   c - +0 kite shield
rNeg     . . .     Spirit   .   b - +0 scale mail
rPois    .         Reflect  .   f - +1 hat
rElec    .         Harm     .   (no cloak)
rCorr    .         Rampage  .   i - +2 pair of gloves {Dex+3}
Will     .....                  (no barding)
Stlth    ..........             (no amulet)
HPRegen  0.12/turn              g - ring of magical power
MPRegen  0.13/turn              l - ring of ice

@: no status effects
A: large, rugged brown scales 3, see invisible, deformed body, roll 1, armoured
tail
a: Rolling Charge


You were on level 3 of the Dungeon.
You visited 1 branch of the dungeon, and saw 3 of its levels.

You collected 135 gold pieces.

Inventory:

Hand Weapons
 a - a +0 war axe (weapon)
Armour
 b - a +0 scale mail (worn)
 c - a +0 kite shield (worn)
 f - a +1 hat (worn)
 i - a +2 pair of gloves of dexterity (worn)
Jewellery
 g - a ring of magical power (left hand)
 l - a ring of ice (right hand)
Scrolls
 k - a scroll of holy word
Potions
 d - a potion of might
 j - a potion of lignification


   Skills:
 + Level 3.5 Fighting
 + Level 3.1 Axes
 - Level 3.0 Armour
 + Level 0.3 Dodging
 + Level 2.9 Shields


You had 3 spell levels left.
You didn't know any spells.
Your spell library was empty.

Dungeon Overview and Level Annotations

Branches:
Dungeon (3/15)

Altars:

Shops:
D:2 :

Annotations:
D:3 Grinder


Innate Abilities, Weirdness & Mutations

You are completely covered in rugged brown scales. (AC +3, +7% HP)
You have supernaturally acute eyesight. (SInv)
Armour fits poorly on your strangely shaped body.
You can roll at nearby foes to attack.
You have a long armoured tail.


Message History

You kill the jackal!
Grinder says, "I used to sell toenails on the black market."
Grinder blinks!
The quokka bites you.
You barely miss the quokka. You tail-slap the quokka.
You kill the quokka!
Grinder blinks!
You barely miss the rat. The rat bites you.
The rat bites you but does no damage.
You slash the rat!
You kill the rat!
Grinder gestures at you.
You suddenly lose the ability to move!
You can move again.
Roll where?
Press: ? - help, Dir - move target, f - Grinder
Aim: Grinder (strong)
You roll forward with a clatter of scales!
You barely miss Grinder.
Grinder blinks!
Grinder blinks!
You roll forward with a clatter of scales!
You hit Grinder.
Grinder is lightly wounded.
Grinder hits you but does no damage. x2
There's nothing you can charge at!
You barely miss Grinder.
Grinder is lightly wounded.
Grinder gestures at you. Pain shoots through your body!
Grinder gestures at you. Pain shoots through your body!
* * * LOW HITPOINT WARNING * * *
You barely miss Grinder.
Grinder is lightly wounded.
Grinder hits you but does no damage.
You hit Grinder.
Grinder is moderately wounded.
Grinder hits you but does no damage. Grinder gestures at you.
Pain shoots through your body!
You die...

..# #......#
###############......###
..............'......?.#
###############......#.#
##########.# #......#
#.# #......###.####
+......†...<.>#
#..5@..######## #....(.#
#......# ........#
#.#......# # #......#
###.#### .#


You could see Grinder (strong).

Vanquished Creatures
  4 gnolls (D:2)
  An adder (D:2)
  A dart slug (D:1)
  9 endoplasms
  A giant cockroach (D:1)
  2 goblins (D:1)
  6 hobgoblins
  11 jackals
  A quokka (D:3)
  4 ball pythons (D:1)
  2 bats (D:3)
  3 frilled lizards
  5 rats
50 creatures vanquished.

Notes
Turn   | Place    | Note
-------+----------+-------------------------------------------
     0 | D:1      | Sweetruy1997 the Palentonga Fighter began the quest for the
                  | Orb.
     0 | D:1      | Reached XP level 1. HP: 19/19 MP: 1/1
   120 | D:1      | Reached XP level 2. HP: 25/25 MP: 2/2
   693 | D:1      | Reached XP level 3. HP: 31/31 MP: 3/3
  1176 | D:2      | Found Amaxy's Book Shop.
  1228 | D:2      | HP: 1/31 [gnoll (8)]
  1229 | D:2      | Reached XP level 4. HP: 1/37 MP: 4/4
  2083 | D:2      | Found a faded altar of an unknown god.
  2252 | D:3      | Noticed Grinder
  2269 | D:3      | Paralysed by Grinder for 4 turns
  2278 | D:3      | Killed from afar by Grinder

Illustrated notes

Levels and vault maps discovered:
D:1:      nagdon_arrival_zigzag_paths, layout_rooms, minmay_statues_item,
          wander_ebering_terrifying_dragon_lair
D:2:      layout_loops_ring, dilly_ecumenical_altar_fadedgnrine, serial_shops,
          shop
D:3:      layout_basic, overflow_temple_1_default, hex_intersection,
          uniq_grinder

Skill      XL: |  1  2  3  4 |
---------------+-------------+-----
Armour         | 3 |  3.0
Axes           | 3 |  3.1
Fighting       | |  3.5
Dodging        | |  0.3
Shields        | |  2.9

Action                   |  1- 3 |  4- 6 || total
-------------------------+-------+-------++-------
Melee: War axe           |    85 |    44 ||   129
       Tailslap          |     8 |     5 ||    13
 Abil: Rolling Charge    |    14 |     7 ||    21
  Use: Scroll            |       |     3 ||     3
       Potion            |       |     1 ||     1
Armor: Scale mail        |    58 |    26 ||    84
Dodge: Dodged            |    27 |     8 ||    35
Block: Kite shield       |    59 |    22 ||    81

Table legend: (Time is in decaauts)
 A = Elapsed time spent in this place.
 B = Non-inter-level travel time spent in this place.
 C = Inter-level travel time spent in this place.
 D = Time resting spent in this place.
 E = Time spent auto-exploring this place.
 F = Levels seen in this place.
 G = Mean time per level.
                   A        B        C        D        E       F      G
               +--------+--------+--------+--------+--------+-----+--------+
         Total |   2352 |   2268 |     84 |    542 |   1291 |   3 |  784.0 |
       Dungeon |   2352 |   2268 |     84 |    542 |   1291 |   3 |  784.0 |
               +--------+--------+--------+--------+--------+-----+--------+

Top non-repeatable levels by time:
     D:1: 1192 daAuts
     D:2: 1063 daAuts
     D:3: 96 daAuts
